 Dungeon Crawl Stone Soup version 0.31-a0-339-gda1cbd555d (webtiles) character file.

Game seed: 13629251592686986836

86 Nattfarinn the Changeling (level 4, -2/38 HPs)
             Began as a Naga Shapeshifter on July 20, 2023.
             Slain by a cerulean imp
             ... wielding a +2 spear
             ... summoned by Natasha
              (5 damage)
             ... on level 2 of the Dungeon.
             The game lasted 00:03:06 (1547 turns).

Nattfarinn the Changeling (Naga Shapeshifter)       Turns: 1547, Time: 00:03:07

Health: -2/38      AC:  2    Str: 17    XL:     4   Next: 50%
Magic:  4/4        EV:  9    Int: 11    God:
Gold:   116        SH:  0    Dex: 11    Spells: 3/3 levels left

rFire   + .          .
                       - Unarmed
rCold   . . .        (no shield)
rNeg    . . .        a - +0 animal skin
rPois   +            (helmet currently unavailable)
rElec   .            (cloak currently unavailable)
rCorr   .            (gloves currently unavailable)
SInv    +            (no barding)
Will    .....        (no amulet)
Stlth   +            (no ring)
HPRegen 0.26/turn    (no ring)
MPRegen 0.09/turn

%: no passive effects
@: short of breath, beast-form, unable to drink, very slow
A: beast (slay +3), AC +1, large, see invisible, deformed body, poison
resistance, slowness 2, spit poison 1, naga tail 1, fire resistance 1, inability
to drink after injury 1
a: Spit Poison, Begin Untransformation


You were on level 2 of the Dungeon.
You were a hulking beast.
You visited 1 branch of the dungeon, and saw 2 of its levels.

You collected 116 gold pieces.

Inventory:

Hand Weapons
 f - a +0 sling
Armour
 a - a +0 animal skin (worn)
Talismans
 c - a beast talisman
Scrolls
 h - a scroll of fog {unknown}
 i - a scroll of identify {unknown}
 k - a scroll of torment {unknown}
Potions
 b - a potion of lignification
 d - a potion of degeneration {unknown}
 e - 2 potions of curing
 g - a potion of heal wounds {unknown}


   Skills:
 - Level 1.0 Fighting
 - Level 1.5 Dodging
 - Level 3.0 Unarmed Combat
 + Level 4.6 Shapeshifting


You had 3 spell levels left.
You didn't know any spells.
Your spell library contained the following spells:

 Spells                   Type           Power      Damage    Failure   Level
 Apportation              Tloc           0%         N/A       34%         1
 Necrotise                Necr           0%         1d4       34%         1
 Summon Small Mammal      Summ           0%         N/A       34%         1


Dungeon Overview and Level Annotations

Branches:
Dungeon (2/15)

Altars:

Shops:
D:1 =

Annotations:
D:2 Natasha, Sigmund


Innate Abilities, Weirdness & Mutations

You are a hulking beast.
Your limbs bulge with bestial killing power. (Slay +3)
Your serpentine skin is tough. (AC +1)
You have supernaturally acute eyesight. (SInv)
Armour fits poorly on your strangely shaped body.
Your system is resistant to poisons. (rPois)
You cover ground very slowly.
You can spit poison.
You have a snake-like lower body.
Your flesh is heat resistant. (rF+)
You occasionally lose the ability to drink potions when taking damage.


Message History

Natasha growls.
The splash of poison hits Natasha.
Natasha is poisoned.
Natasha is lightly wounded.
Natasha mumbles some strange words.
Natasha claws you.
You barely miss Natasha.
Natasha casts a spell.
The cerulean imp hits you from afar with a +2 spear.
You closely miss Natasha.
Natasha is lightly wounded.
Natasha stares at you and mumbles some strange words.
The magic dart hits you!
The cerulean imp hits you from afar with a +2 spear.
You hit Natasha.
Natasha is moderately wounded.
The cerulean imp hits you with a +2 spear.
The cerulean imp hits you from afar with a +2 spear.
Natasha claws you.
You feel threatened and lose the ability to drink potions!
* * * LOW HITPOINT WARNING * * *
You closely miss Natasha.
Natasha is heavily wounded.
You have got your breath back.
The cerulean imp hits you with a +2 spear.
* * * LOW HITPOINT WARNING * * *
The cerulean imp closely misses you. Natasha claws you.
* * * LOW HITPOINT WARNING * * *
Unknown command.
You are too injured to fight recklessly!
You cannot drink potions in your current state!
Okay, then.
Aiming: Spit Poison (1% risk of failure)
Press: ? - help, Shift-Dir - straight line, f/p - Natasha
Aim: Natasha (heavily wounded, poisoned, 50% to hit)
The splash of poison hits Natasha.
Natasha looks even sicker.
Natasha is severely wounded.
The cerulean imp hits you with a +2 spear.
* * * LOW HITPOINT WARNING * * *
The cerulean imp hits you from afar with a +2 spear.
You die...

#.### ##
#######.### #.
........... #.
.#######.### #
##.# #.##
#.... #.#...
###... ##...
#...5S .....#
# #...
#..h##.##.# .♣
##.#
#..h5....#♣.♣
###..
#####.##.'.♣
#.... ##.#.# .
#.##. ##.†#
##..##
##.######.....
#...........#
#######....##
#.##.#.
#......


You could see Natasha (very poisoned), 2 cerulean imps and a ball python.

Vanquished Creatures
  Jessica (D:2)
  Natasha (D:2)
  A dart slug (D:1)
  2 bats (D:1)
  3 endoplasms
  2 giant cockroaches
  6 goblins
  6 hobgoblins
  2 quokkas
  A frilled lizard (D:2)
  2 kobolds
  2 rats
29 creatures vanquished.

Notes
Turn   | Place    | Note
-------+----------+-------------------------------------------
     0 | D:1      | Nattfarinn the Naga Shapeshifter began the quest for the
                  | Orb.
     0 | D:1      | Reached XP level 1. HP: 18/18 MP: 1/1
   295 | D:1      | Reached XP level 2. HP: 24/25 MP: 2/2
   656 | D:1      | Found a faded altar of an unknown god.
   712 | D:1      | Found Lahyffae's Jewellery Emporium.
   940 | D:2      | Reached XP level 3. HP: 31/31 MP: 3/3
  1033 | D:2      | Noticed Jessica
  1036 | D:2      | Killed Jessica
  1037 | D:2      | Reached skill level 4 in Shapeshifting
  1111 | D:2      | Noticed Sigmund
  1119 | D:2      | Gained mutation: You occasionally lose the ability to drink
                  | potions when taking damage. [potion of mutation]
  1119 | D:2      | Gained mutation: Your flesh is heat resistant. (rF+)
                  | [potion of mutation]
  1223 | D:2      | Reached XP level 4. HP: 36/38 MP: 4/4
  1379 | D:2      | Noticed Natasha
  1390 | D:2      | Killed Natasha
  1539 | D:2      | Noticed Natasha
  1547 | D:2      | Slain by a cerulean imp

Illustrated notes

Levels and vault maps discovered:
D:1:      dpeg_arrival_oval, layout_loops_cross,
          shapermc_ecumenical_altar_notcrosses, serial_shops, shop,
          glass_columns_c, minmay_bisected
D:2:      layout_loops_ring, basic_altar, chequers_avenue, chequers_arboretum,
          minmay_tetromino_s4, uniq_jessica, uniq_natasha, uniq_sigmund

Skill      XL: |  1  2  3 |
---------------+----------+-----
Shapeshifting  | 4 |  4.6
Fighting       | |  1.0
Dodging        | |  1.5
Unarmed Combat | |  3.0

Action                     |  1- 3 |  4- 6 || total
---------------------------+-------+-------++-------
  Melee: Unarmed           |    30 |    15 ||    45
Ability: Spit Poison       |    21 |     6 ||    27
    Use: Potion            |     3 |       ||     3
         Scroll            |     1 |       ||     1
 Armour: Animal skin       |     8 |       ||     8
  Dodge: Dodged            |    21 |     5 ||    26
         Form:             |     1 |       ||     1
         Beast             |     1 |       ||     1

Table legend: (Time is in decaauts)
 A = Elapsed time spent in this place.
 B = Non-inter-level travel time spent in this place.
 C = Inter-level travel time spent in this place.
 D = Time resting spent in this place.
 E = Time spent auto-exploring this place.
 F = Levels seen in this place.
 G = Mean time per level.
                   A        B        C        D        E       F      G
               +--------+--------+--------+--------+--------+-----+--------+
         Total |   1963 |   1956 |      7 |     73 |   1648 |   2 |  981.5 |
       Dungeon |   1963 |   1956 |      7 |     73 |   1648 |   2 |  981.5 |
               +--------+--------+--------+--------+--------+-----+--------+

Top non-repeatable levels by time:
     D:1: 1216 daAuts
     D:2: 747 daAuts
